 Dungeon Crawl Stone Soup version 0.20.0-8-g6b59dc7 (webtiles) character file.

598 Ketharn the Geomancer (level 7, -3/36 HPs)
             Began as a Deep Elf Earth Elementalist on May 31, 2017.
             Killed from afar by an orc (34 damage)
             ... with an exploding inner flame
             ... hexed by the player character
             ... on level 5 of the Dungeon.
             The game lasted 00:32:38 (4336 turns).

Ketharn the Geomancer (Deep Elf Earth Elementalist) Turns: 4336, Time: 00:32:41

Health: -3/36      AC: 10    Str:  6    XL:     7   Next: 17%
Magic:  0/13       EV: 14    Int: 21    God:
Gold:   17         SH:  0    Dex: 15    Spells: 1/12 levels left

rFire    . . .     SeeInvis .   (no weapon)
rCold    . . .     Gourm    .   (no shield)
rNeg     . . .     Faith    .   h - +1 robe
rPois    +         Spirit   .   (no helmet)
rElec    .         Reflect  .   (no cloak)
rCorr    .         Harm     .   (no gloves)
MR       .....                  u - +1 pair of boots
Stlth    ++........             (no amulet)
Regen    0.2/turn               v - +5 ring of protection
MPRegen  0.2/turn               n - ring of poison resistance

@: no status effects
A: no striking features
a: no special abilities


You were on level 5 of the Dungeon.
You were full.

You visited 1 branch of the dungeon, and saw 5 of its levels.

You collected 245 gold pieces.
You spent 228 gold pieces at shops.

Inventory:

Missiles
 b - 166 stones (quivered)
Armour
 c - a +0 helmet
 h - a +1 robe (worn)
 u - a +1 pair of boots (worn)
Jewellery
 k - a +2 ring of strength
 l - an uncursed ring of stealth {unknown}
 n - a ring of poison resistance (right hand)
 v - a +5 ring of protection (left hand)
 y - an uncursed ring of protection from cold
Wands
 A - a wand of confusion (12/48)
Scrolls
 j - a scroll of teleportation
 p - a scroll of recharging
 w - a scroll of enchant armour
 z - a scroll of identify
Potions
 a - a potion of ambrosia {unknown}
 f - a potion of heal wounds {unknown}
 g - 2 potions of flight
 m - 4 potions of curing
 q - 2 potions of lignification {unknown}
 s - a potion of mutation {unknown}
Books
 e - a book of Geomancy

   Spells                             Type                      Level
   a - Sandblast                      Earth                        1
   b - Passwall                       Transmutation/Earth          2
   c - Stone Arrow                    Conjuration/Earth            3
   d - Petrify                        Transmutation/Earth          4
   e - Lee's Rapid Deconstruction     Earth                        5
Comestibles
 d - a bread ration
 i - 11 fruits
 o - 4 royal jellies
 t - 3 meat rations
 x - a chunk of flesh


   Skills:
 * Level 4.3 Dodging
 - Level 2.4 Stealth
 - Level 3.0 Spellcasting
 + Level 2.1 Conjurations
 + Level 1.2 Transmutations
 - Level 8.0 Earth Magic


You had one spell level left.
You knew the following spells:

 Your Spells              Type           Power        Failure   Level  Hunger
a - Sandblast             Erth           #####.       1%          1    None
b - Stone Arrow           Conj/Erth      ###...       4%          3    ###....
c - Passwall              Tmut/Erth      ###.......   3%          2    ##.....
d - Lee's Rapid Deconstr  Erth           #####.....   13%         5    ######.


Dungeon Overview and Level Annotations

Branches:
Dungeon (5/15)
 Temple: D:4-7

Altars:
Makhleb

Shops:
D:5 %


Message History

The orc closely misses you.
Okay, then.
As you read the scroll of immolation, it crumbles to dust.
The creatures around you are filled with an inner flame!
The worker ant closely misses you. The orc hits you but does no damage.
The worker ant closely misses you.
The worker ant bites you but does no damage.
The orc hits you.
Casting: Sandblast
Confirm with . or Enter, or press ? or * to list all spells.
Aiming: Sandblast
Press: ? - help, Shift-Dir - straight line, f/p - orc
Aim: an orc, wearing a chain mail (inner flame)
The blast of sand hits the orc.
The orc explodes!
The fiery explosion engulfs the worker ant.
The worker ant is almost dead.
The fiery explosion engulfs you!
Ouch! That really hurt!
You die...

######...................
#........................
#........................
#........................
#.....................
#.....................
#.....###.............
#.....#######..................
#.........# #§@§...............
##........###a§§..........#....
#........##.§o§...####...#....
##...######...................
#.............................
#.............##........).....
#...................o..[......
#.............................
#.............................


You could see a worker ant (inner flame), an orc wizard (wandering) and an orc
(inner flame).

Vanquished Creatures
  A centaur (D:5)
  An ogre (D:3)
  3 crimson imps (D:5)
  A gnoll shaman (D:4)
  2 orc wizards
  3 worker ants
  3 adders
  4 gnolls (D:4)
  2 oozes
  3 dart slugs
  5 leopard geckos
  11 orcs
  12 bats
  2 giant cockroaches
  7 goblins
  9 hobgoblins
  6 jackals
  A quokka (D:2)
  5 frilled lizards
  A jackal skeleton (D:4)
  3 kobolds
  12 rats
97 creatures vanquished.

Notes
Turn   | Place    | Note
-------+----------+-------------------------------------------
     0 | D:1      | Ketharn the Deep Elf Earth Elementalist began the quest for the Orb.
     0 | D:1      | Reached XP level 1. HP: 10/10 MP: 6/6
   243 | D:1      | Reached XP level 2. HP: 15/15 MP: 1/8
   307 | D:1      | Reached skill level 4 in Earth Magic
   860 | D:1      | Reached XP level 3. HP: 18/19 MP: 4/9
  1213 | D:2      | Reached skill level 5 in Earth Magic
  1220 | D:2      | Learned a level 3 spell: Stone Arrow
  1223 | D:2      | Learned a level 2 spell: Passwall
  1318 | D:2      | Reached XP level 4. HP: 24/24 MP: 2/10
  2064 | D:3      | Reached skill level 6 in Earth Magic
  2348 | D:3      | Reached XP level 5. HP: 28/28 MP: 7/11
  2918 | D:3      | Found a burning altar of Makhleb.
  2921 | D:3      | Noticed a balrug
  2926 | D:3      | Noticed an orange demon
  2926 | D:3      | Noticed an orange demon
  3008 | D:4      | Noticed an ogre
  3033 | D:3      | Killed an ogre
  3033 | D:3      | Reached skill level 7 in Earth Magic
  3042 | D:3      | Reached skill level 1 in Conjurations
  3042 | D:3      | Reached XP level 6. HP: 32/32 MP: 0/12
  3210 | D:4      | Learned a level 5 spell: Lee's Rapid Deconstruction
  3952 | D:5      | Entered Level 5 of the Dungeon
  3968 | D:5      | Found Uczaephu's Food Boutique.
  3973 | D:5      | Reached skill level 8 in Earth Magic
  3987 | D:5      | Bought a meat ration for 60 gold pieces
  3987 | D:5      | Bought a royal jelly for 24 gold pieces
  3987 | D:5      | Bought a meat ration for 60 gold pieces
  3987 | D:5      | Bought a meat ration for 60 gold pieces
  3987 | D:5      | Bought a royal jelly for 24 gold pieces
  4022 | D:5      | Reached XP level 7. HP: 27/36 MP: 0/13
  4336 | D:5      | Killed from afar by an orc

Skill      XL: |  1  2  3  4  5  6  7 |
---------------+----------------------+-----
Earth Magic    | 4 5 6 7 8 |  8.0
Conjurations   | 1 2 |  2.1
Dodging        | 3 4 |  4.3
Stealth        | |  2.4
Spellcasting   | |  3.0
Transmutations | |  1.2

Action                   |  1- 3 |  4- 6 |  7- 9 || total
-------------------------+-------+-------+-------++-------
Melee: Unarmed           |     1 |     5 |       ||     6
Throw: Stone             |       |     2 |       ||     2
 Cast: Sandblast         |    60 |    51 |     8 ||   119
       Stone Arrow       |     1 |    23 |     5 ||    29
       Passwall          |     1 |       |       ||     1
       Lee's Rapid Decon |       |     4 |     1 ||     5
  Use: Scroll            |       |    16 |     1 ||    17
  Eat: Chunk             |     1 |     9 |       ||    10
       Meat ration       |       |     1 |       ||     1
       Royal jelly       |       |     1 |       ||     1
       Bread ration      |       |       |     1 ||     1
Armor: Robe              |     5 |     8 |     3 ||    16
Dodge: Dodged            |    13 |    23 |     8 ||    44
